AoeStats
← AloneArcher

Arena

509008043Analyzed
1v1 RM · 8d ago on Sep 25, 2026· 45m 51s· 2 players
Game mode
Random Map
Map size
Tiny (2 player)
Population
200
Speed
Normal
Resources
Standard
Victory
Conquest
Starting age
Dark Age
Ending age
Imperial Age
RankedLock teamsTeams togetherTeam positionsShared explorationLock speedFull tech treeHidden civsTurbo modeCheats
Victory
Defeat
🇹🇷 Turks · Türkiye
737
+15
🇺🇸 Slavs · United States
719
-36
conner
11:10 Feudal Age
12:32 Double-Bit Axe
12:31 Horse Collar
14:35 Forging
14:35 Scale Barding Armor
20:34 Castle Age
19:19 Gold Mining
21:33 Stone Mining
22:26 Gold Shaft Mining
24:50 Forging
24:46 Scale Barding Armor
24:43 Scale Mail Armor
25:34 Wheelbarrow
26:40 Pikeman
27:25 Squires
32:12 Bow Saw
32:25 Heavy Plow
33:07 Hand Cart
34:14 Loom
39:25 Imperial Age
39:35 Imperial Age
43:20 Halberdier
AloneArcher
10:48 Feudal Age
16:31 Castle Age
14:48 Double-Bit Axe
15:08 Horse Collar
18:57 Man-at-Arms
22:34 Bow Saw
22:55 Heavy Plow
24:04 Gold Mining
24:06 Stone Mining
25:43 Gold Shaft Mining
29:56 Imperial Age
28:54 Wheelbarrow
28:04 Town Watch
31:53 Hand Cart
33:48 Two-Man Saw
34:07 Loom
36:05 Town Patrol
36:46 Scale Barding Armor
36:32 Fletching
36:43 Padded Archer Armor
36:43 Scale Mail Armor
36:54 Forging
37:21 Bombard Tower
38:00 Heavy Camel Rider
40:27 Conscription
39:34 Elite Janissary
45:28 Bloodlines
Connection lost

Rejoining the realm…

Still unreachable

The connection could not be restored.

Session expired

The server has moved on; the page needs a fresh start.